 Dungeon Crawl Stone Soup version 0.18.1-8-gdd0e5ea (webtiles) character file.

122 Ery the Chopper (level 4, -15/41 HPs)
             Began as a Minotaur Berserker on June 8, 2016.
             Was a Priest of Trog.
             Demolished by an orc warrior
             ... wielding a +0 mace
              (17 damage)
             ... on level 4 of the Dungeon.
             The game lasted 00:09:00 (2609 turns).

Ery the Chopper (Minotaur Berserker)                Turns: 2609, Time: 00:09:02

Health: -15/41     AC:  9    Str: 22    XL:     4   Next: 78%
Magic:  3/3        EV:  8    Int:  4    God:    Trog [***...]
Gold:   188        SH:  0    Dex: 10    Spells: 0 memorised, 3 levels left

rFire  . . .     SeeInvis .     a - +0 hand axe
rCold  . . .     Gourm    .     o - -1 chain mail (curse)
rNeg   . . .     Faith    .     (no shield)
rPois  .         Spirit   .     (helmet restricted)
rElec  .         Dismiss  .     (no cloak)
rCorr  .         Reflect  .     m - +0 pair of gloves
SustAt .         Harm     .     (no boots)
MR     +....                    (no amulet)
Stlth  ..........               (no ring)
                                e - ring of protection from magic

@: somewhat resistant to hostile enchantments, extremely unstealthy
A: retaliatory headbutt, horns 2
a: Berserk, Trog's Hand, Burn Spellbooks, Renounce Religion


You were on level 4 of the Dungeon.
You worshipped Trog.
Trog was most pleased with you.
You were very hungry.

You visited 1 branch of the dungeon, and saw 4 of its levels.

You collected 188 gold pieces.

Inventory:

Hand Weapons
 a - a +0 hand axe (weapon)
Armour
 h - a +0 scale mail
 m - a +0 pair of gloves (worn)
 o - a cursed -1 chain mail (worn)
Jewellery
 e - a ring of protection from magic (left hand)
Wands
 p - a wand of polymorph (13/24)
Scrolls
 b - a scroll of immolation {unknown}
 i - a scroll of recharging {unknown}
 j - a scroll of fear {unknown}
 k - a scroll of identify {unknown}
 l - 2 scrolls of remove curse {unknown}
 n - a scroll of enchant weapon {unknown}
Potions
 d - a potion of curing {unknown}
 g - a potion of resistance {unknown}
Comestibles
 c - 2 bread rations
 f - 6 fruits
 q - a meat ration


   Skills:
 * Level 4.7 Fighting
 * Level 4.8 Axes
 + Level 3.7 Armour
 - Level 2.6 Dodging


You had 3 spell levels left.
You didn't know any spells.

Dungeon Overview and Level Annotations

Branches:
Dungeon (4/15)
 Temple: D:4-7

Altars:
Ashenzari
Cheibriados
Dithmenos
Elyvilon
Fedhas
Gozag
Kikubaaqudgha
Makhleb
Nemelex Xobeh
Okawaru
Pakellas
Trog
Yredelemnul


Innate Abilities, Weirdness & Mutations

You reflexively headbutt those who attack you in melee.
You have a pair of horns on your head.


Message History

The orc warrior completely misses you.
The orc hits you from afar with a trident.
* * * LOW HITPOINT WARNING * * *
The orc hits you but does no damage.
You hit the orc warrior but do no damage.
The orc warrior is heavily wounded.
Your chain mail prevents you from hitting the orc.
The orc is almost dead.
The orc warrior barely misses you. You furiously retaliate!
You headbutt the orc warrior, but do no damage.
The orc closely misses you.
The orc hits you with a mace of holy wrath.
* * * LOW HITPOINT WARNING * * *
You barely miss the orc warrior. You headbutt the orc warrior.
The orc warrior is severely wounded.
You hit the orc.
You kill the orc!
Trog accepts your kill. The orc warrior hits you with a mace!
You die...

..# #....#
#....#
#....#
######....#
#...##....#
#.........#
#.........#
#@o.....<.#
#h####...(#


oo. ##....# .....#.....# #.....#.....# #.....#.....# #.....#.<...# #.....#.....#
#.....# You could see an orc warrior, a hound and 2 orcs.

Vanquished Creatures
  A giant frog skeleton (D:3)
  An adder (D:3)
  3 dart slugs
  A giant gecko (D:3)
  3 orcs
  8 bats
  5 giant cockroaches
  14 goblins
  8 hobgoblins
  6 jackals
  7 kobolds
  A quokka (D:3)
  A ball python (D:3)
  5 giant newts
  5 rats
69 creatures vanquished.

Notes
Turn   | Place    | Note
--------------------------------------------------------------
     0 | D:1      | Ery the Minotaur Berserker began the quest for the Orb.
     0 | D:1      | Reached XP level 1. HP: 19/19 MP: 0/0
   178 | D:1      | Reached XP level 2. HP: 25/27 MP: 1/1
   738 | D:2      | Reached XP level 3. HP: 32/33 MP: 2/2
   814 | D:2      | Reached ** piety under Trog
  1465 | D:3      | Reached XP level 4. HP: 41/41 MP: 3/3
  1686 | D:3      | Found a white marble altar of Elyvilon.
  1765 | D:3      | Reached *** piety under Trog
  1811 | D:3      | Found an iron altar of Okawaru.
  1833 | D:3      | Found a basalt altar of Yredelemnul.
  1907 | D:3      | Found a shadowy altar of Dithmenos.
  1908 | D:3      | Found an opulent altar of Gozag.
  1908 | D:3      | Found a sparkling altar of Nemelex Xobeh.
  1908 | D:3      | Found a snail-covered altar of Cheibriados.
  1908 | D:3      | Found a blossoming altar of Fedhas.
  1908 | D:3      | Found a burning altar of Makhleb.
  1910 | D:3      | Found an oddly glowing altar of Pakellas.
  1911 | D:3      | Found an ancient bone altar of Kikubaaqudgha.
  1912 | D:3      | Found a bloodstained altar of Trog.
  1913 | D:3      | Found a shattered altar of Ashenzari.
  2600 | D:4      | Noticed an orc warrior
  2608 | D:4      | HP: 2/41 [orc/mace of holy wrath (1)]
  2609 | D:4      | Demolished by an orc warrior

Skill      XL: |  1  2  3 |
---------------+----------+-----
Axes           | 4 |  4.8
Fighting       | 4 |  4.7
Armour         | 3 |  3.7
Dodging        | |  2.6

Action                   |  1- 3 |  4- 6 || total
-------------------------+-------+-------++-------
Melee: Hand axe          |    81 |    52 ||   133
       Headbutt          |    12 |    10 ||    22
  Eat: Chunk             |     1 |     3 ||     4
Armor: Animal skin       |     4 |       ||     4
       Scale mail        |    18 |    16 ||    34
       Chain mail        |       |    13 ||    13
Dodge: Dodged            |    53 |    25 ||    78
